Map: Eternal Empire LE

Players

DRG

  • Race: Zerg Zerg
  • League: Master
  • Spawn Location: 7:00

Bomber - Winner!

  • Race: Terran Terran
  • Spawn Location: 1:00

VOD

Have the link to the VOD?

Description

Time

  • Played on: Jan. 15, 2020, 6:02 a.m.
  • Length: 13:33
Show
View Real Time Build Order
Export as new Build Order

DRG Zerg 

Build Orders: Hatch First, Muta Ling Bane 

Get SALT Encoding   

  12  0:00  Drone  
  13  0:12  Overlord  
  13  0:16  Drone  
  14  0:30  Drone  
  14  0:31  Drone  
  16  0:48  Hatchery  
  15  0:51  Drone  
  15  0:54  Drone  
  17  0:58  Drone  
  18  1:08  Extractor  
  17  1:13  Spawning Pool  
  17  1:16  Drone  
  17  1:20  Drone  
  18  1:28  Drone  
  19  1:38  Drone  
  20  1:49  Drone  
  21  2:00  Zergling x4, Queen x2  
  27  2:09  Metabolic Boost  
  27  2:10  Overlord  
  27  2:11  Drone  
  28  2:30  Drone x2  
  28  2:36  Hatchery  
  29  2:38  Drone  
  29  2:39  Drone  
  31  2:47  Queen  
  33  2:52  Overlord  
  33  2:55  Drone  
  34  3:01  Pneumatized Carapace  
  34  3:03  Drone  
  34  3:05  Drone  
  36  3:09  Overlord  
  36  3:13  Drone x2  
  36  3:18  Drone x2  
  40  3:20  Drone  
  40  3:22  Drone  
  42  3:29  Queen  
  42  3:33  Overlord  
  44  3:35  Drone  
  44  3:39  Drone  
  46  3:44  Drone x4  
  50  3:49  Overlord  
  50  3:54  Overlord  
  50  3:57  Drone x3  
  52  4:02  Queen  
  52  4:06  Queen  
  52  4:09  Drone x2  
  58  4:16  Zergling x10  
  63  4:19  Drone x2  
  63  4:22  Drone x2  
  66  4:26  Drone x2  
  66  4:29  Lair  
  68  4:34  Baneling Nest  
  68  4:35  Drone  
  68  4:38  Drone x5  
  72  4:43  Queen  
  72  4:45  Drone x2  
  77  4:48  Overlord  
  77  4:50  Drone x2  
  77  4:52  Extractor x2  
  77  4:54  Extractor x2, Drone  
  77  4:56  Drone  
  77  4:58  Drone  
  78  5:02  Drone  
  79  5:07  Spore Crawler  
  79  5:09  Spore Crawler x2  
  79  5:10  Drone x3  
  79  5:11  Spore Crawler  
  79  5:12  Drone x2  
  80  5:14  Extractor  
  80  5:15  Drone x5  
  80  5:18  Drone  
  85  5:23  Drone x2  
  87  5:29  Evolution Chamber x2  
  87  5:30  Drone x2  
  87  5:33  Drone  
  88  5:36  Drone  
  88  5:37  Centrifical Hooks  
  88  5:38  Spire  
  88  5:40  Drone  
  89  5:49  Overlord  
  89  5:53  Hatchery  
  89  5:54  Zergling x4  
  89  5:55  Overlord  
  90  6:03  Overlord  
  90  6:06  Overlord  
  90  6:10  Zerg Ground Armor Level 1, Zerg Melee Weapons Level 1  
  90  6:13  Zergling x4  
  90  6:14  Zergling x16  
  90  6:16  Drone x2  
  100  6:34  Drone x7  
  107  6:42  Drone x2  
  107  6:44  Hatchery  
  108  6:52  Mutalisk x3  
  114  6:54  Zerg Flyer Weapons Level 1  
  114  6:57  Mutalisk x3  
  120  7:02  Overlord x3  
  120  7:07  Mutalisk  
  120  7:08  Mutalisk x3  
  126  7:12  Baneling x9  
  128  7:22  Zergling x14  
  134  7:27  Mutalisk x2, Unknown  
  136  7:30  Zergling x8  
  138  7:39  Extractor  
  138  7:40  Drone x3  
  138  7:42  Zergling x10  
  138  7:44  Baneling x9  
  145  7:46  Overlord  
  145  7:51  Zergling x4  
  147  7:55  Zergling x8  
  151  8:07  Zerg Melee Weapons Level 2, Zerg Ground Armor Level 2  
  151  8:08  Zergling x2  
  151  8:09  Zergling x22  
  151  8:11  Baneling x5  
  163  8:13  Zergling x6  
  163  8:17  Overlord  
  166  8:20  Overlord x2  
  166  8:22  Baneling x6  
  166  8:29  Overlord x2  
  166  8:31  Baneling x6  
  166  8:35  Overlord x2  
  166  8:37  Baneling x5  
  166  8:39  Zergling x2  
  166  8:40  Zergling x6  
  170  8:42  Zergling x6  
  170  8:46  Zergling x2  
  170  8:47  Zergling x6  
  177  8:51  Baneling x8  
  174  8:56  Zergling x8  
  174  9:00  Baneling x6  
  174  9:02  Zergling x6  
  181  9:04  Zergling x4  
  183  9:10  Zergling x10  
  183  9:14  Mutalisk x2  
  192  9:23  Baneling x3  
  192  9:27  Zergling x12  
  192  9:31  Hatchery  
  186  9:33  Baneling  
  186  9:35  Zergling x16  
  184  9:41  Zergling x2  
  184  9:42  Zergling x10  
  144  9:48  Zergling x14  
  138  9:56  Zergling x4, Baneling x8  
  138  9:59  Zergling x4  
  141  10:02  Zergling x6  
  141  10:04  Zergling x2  
  141  10:05  Zergling x2  
  144  10:07  Zergling x4  
  144  10:10  Baneling x6  
  142  10:17  Zergling x10  
  126  10:23  Zergling x6  
  126  10:28  Zergling x6  
  129  10:30  Baneling  
  129  10:31  Baneling x11  
  129  10:32  Zergling x2  
  129  10:40  Zergling x10  
  134  10:45  Zergling x2  
  134  10:46  Zergling x6  
  134  10:49  Mutalisk  
  140  10:51  Mutalisk  
  140  10:54  Baneling x9  
  142  10:58  Zergling x8  
  142  11:02  Zergling x2  
  147  11:05  Baneling x10  
  147  11:06  Zergling x2  
  148  11:14  Zergling x2  
  148  11:15  Zergling x12  
  149  11:19  Zergling x8  
  149  11:20  Zergling x2  
  149  11:24  Zergling x6  
  157  11:28  Zergling x6  
  160  11:39  Zergling x14  
  167  11:45  Zergling x4  
  169  11:50  Baneling x6  
  169  11:55  Zergling x2  
  169  11:56  Zergling x12, Hatchery  
  173  12:14  Zergling x14  
  180  12:21  Zergling x6  
  183  12:27  Baneling  
  183  12:28  Baneling x14  
  183  12:29  Hatchery  
  182  12:35  Overlord x2  
  180  12:45  Baneling x10  
  175  12:51  Zergling x2  
  175  12:53  Overlord x3  
  175  12:55  Zergling x4  
  177  12:59  Zergling x6  
  177  13:05  Zergling x8  
  184  13:10  Zergling x2  
  184  13:11  Zergling x4  
Show
View Real Time Build Order
Export as new Build Order

Bomber Terran - Winner!

Build Orders:  

Get SALT Encoding   

  12  0:00  SCV  
  13  0:12  SCV  
  14  0:17  Supply Depot  
  14  0:25  SCV  
  15  0:39  SCV  
  15  0:40  Barracks  
  16  0:44  Refinery  
  16  0:51  SCV  
  17  1:03  SCV  
  18  1:15  SCV  
  19  1:18  Command Center  
  19  1:27  Orbital Command  
  19  1:32  Marine  
  20  1:36  Refinery  
  20  1:41  Refinery  
  20  1:50  Supply Depot  
  20  1:52  Marine  
  21  1:56  SCV  
  22  2:08  SCV  
  23  2:11  Marine  
  24  2:20  SCV  
  25  2:23  Factory  
  25  2:31  Orbital Command  
  25  2:32  SCV  
  26  2:38  Barracks Reactor  
  26  2:44  SCV  
  27  2:56  SCV x2  
  29  3:08  SCV  
  29  3:09  Starport  
  29  3:10  SCV  
  31  3:15  Command Center  
  31  3:20  SCV  
  31  3:22  Hellion  
  31  3:24  SCV  
  31  3:26  Hellion  
  37  3:32  SCV  
  38  3:36  SCV  
  39  3:45  SCV  
  39  3:48  SCV, Hellion x2, Fusion Core  
  45  3:57  SCV  
  46  4:03  Barracks Tech Lab  
  46  4:04  Starport Tech Lab, Refinery  
  46  4:13  Refinery  
  46  4:23  Supply Depot  
  46  4:25  Engineering Bay  
  46  4:26  Marine  
  46  4:27  SCV x2  
  46  4:28  Orbital Command  
  46  4:29  Engineering Bay  
  49  4:38  Battlecruiser  
  55  4:39  SCV x2  
  55  4:41  Barracks  
  57  4:46  Stimpack  
  57  4:51  SCV x2  
  59  4:53  Marine  
  59  4:55  SCV  
  59  4:56  Factory Reactor  
  59  4:58  Supply Depot  
  61  5:03  SCV, Terran Infantry Weapons Level 1  
  61  5:04  SCV  
  61  5:06  Orbital Command  
  63  5:13  Supply Depot  
  63  5:15  SCV  
  63  5:16  SCV  
  63  5:17  Marine  
  63  5:19  Barracks  
  63  5:20  Terran Infantry Armor Level 1  
  66  5:22  Supply Depot  
  66  5:27  SCV  
  66  5:28  SCV  
  68  5:30  Marine x2  
  68  5:35  Marine  
  71  5:37  SCV  
  71  5:39  SCV  
  71  5:40  SCV  
  74  5:44  Barracks  
  74  5:49  Marine x2, SCV, Barracks  
  77  5:51  SCV  
  77  5:52  SCV, Marine  
  80  5:57  Supply Depot  
  80  5:58  Supply Depot  
  80  6:01  SCV  
  80  6:03  Medivac x2  
  80  6:04  SCV, Armory  
  86  6:05  Siege Tank  
  86  6:07  SCV  
  86  6:09  Marine x2  
  92  6:14  SCV  
  93  6:19  SCV x2  
  93  6:20  Supply Depot  
  93  6:23  Supply Depot  
  95  6:25  Marine  
  95  6:26  SCV, Combat Shield, Factory  
  95  6:31  SCV x2, Barracks Reactor x2  
  99  6:36  Refinery  
  99  6:37  Refinery  
  99  6:41  SCV  
  99  6:43  Marine x2  
  99  6:46  Supply Depot  
  102  6:47  Supply Depot  
  102  6:48  Marine  
  102  6:50  Barracks Reactor  
  102  6:51  Siege Tank  
  102  6:53  SCV x3  
  109  6:58  Supply Depot  
  109  6:59  Supply Depot  
  109  7:01  Marine x2, Missile Turret  
  109  7:03  Terran Infantry Weapons Level 2  
  109  7:06  Marine  
  109  7:07  Marine x2  
  109  7:08  Marine  
  115  7:09  Marine  
  115  7:13  Factory Tech Lab  
  116  7:17  Terran Infantry Armor Level 2  
  116  7:19  Marine x2  
  118  7:24  Marine  
  118  7:25  Marine x2, Medivac x2  
  118  7:26  Marine, Siege Tank  
  129  7:33  Marine  
  129  7:34  Marine x2  
  129  7:37  Marine x2  
  128  7:40  Missile Turret  
  128  7:41  Missile Turret, Siege Tank  
  128  7:42  Marine x2  
  128  7:43  Marine  
  136  7:45  Supply Depot x2  
  136  7:46  Marine, Missile Turret  
  136  7:47  Supply Depot  
  137  7:51  Marine  
  137  7:52  Marine x2  
  137  7:56  Marine  
  137  7:57  Marine  
  137  7:58  Medivac x2, Siege Tank  
  149  8:00  Marine x3  
  149  8:03  Marine  
  153  8:09  Marine  
  153  8:10  Marine x2, Supply Depot  
  153  8:11  Supply Depot  
  156  8:14  Marine  
  156  8:15  Marine  
  156  8:17  Marine  
  156  8:18  Marine x2  
  161  8:21  Marine, Siege Tank  
  161  8:27  Marine x2  
  165  8:28  Marine  
  165  8:32  Marine  
  165  8:33  Marine  
  170  8:35  Marine, Siege Tank  
  170  8:36  Marine x2  
  170  8:39  Marine  
  177  8:44  Marine  
  177  8:45  Marine  
  177  8:46  Marine, Medivac x2  
  184  8:49  Supply Depot  
  184  8:50  Marine  
  184  8:51  Marine  
  184  8:53  Marine  
  184  8:54  Marine x2  
  189  9:03  Supply Depot  
  189  9:04  Supply Depot  
  189  9:22  Terran Infantry Weapons Level 3  
  189  9:26  Marine x2, Siege Tank x2  
  197  9:36  Marine x2  
  197  9:39  Marine x2, Command Center  
  197  9:40  Marine x3  
  197  9:43  Marine x2  
  157  9:47  Medivac x2  
  154  9:54  Marine x2  
  154  9:57  Marine x2  
  154  9:58  Marine x3  
  155  10:01  Marine x2  
  156  10:12  Marine x2  
  157  10:15  Marine x3  
  157  10:16  Marine x2  
  157  10:19  Marine x2  
  133  10:30  Marine x2  
  133  10:33  Marine x5  
  133  10:34  Medivac x2, Siege Tank x2  
  150  10:36  Supply Depot  
  150  10:37  Marine x2  
  152  10:44  Terran Infantry Armor Level 3  
  152  10:48  Marine x2  
  154  10:51  Marine x5  
  154  10:55  Marine x2  
  161  11:06  Marine x2, Siege Tank x2  
  161  11:09  Marine x2  
  171  11:12  Marine x3  
  171  11:14  Marine x2  
  175  11:23  Marine x2  
  177  11:25  Medivac  
  177  11:26  Marine x2  
  177  11:30  Marine x3  
  177  11:32  Marine x2  
  185  11:35  Medivac  
  185  11:38  Siege Tank  
  191  11:41  Marine x2  
  191  11:44  Marine x2, Command Center  
  195  11:48  Marine x3  
  195  11:50  Marine  
  199  12:01  Supply Depot  
  199  12:03  Supply Depot  
  199  12:08  Barracks  
  199  12:09  Barracks x2  
  199  12:11  Refinery  
  199  12:25  Marine  
  200  12:40  Command Center  
  200  12:43  Marine  
  200  12:47  Marine x2  
  200  12:48  Marine  
  190  13:01  Barracks Tech Lab x3  
  190  13:06  Command Center  
  190  13:07  Marine x2, Marauder  
Tags
 
Add a new tag
Caveats
  • Supply blocks, unpowered buildings, or Contaminate may cause inaccurate times.
  • Supply counts are checked every 10 seconds.